[Event "Early-Titled-Tuesday-Blitz-January-23-2024"]
[Site "Chess.com"]
[Date "2024.01.23"]
[Round "1"]
[White "dianamirza"]
[Black "Natalya_Buksa"]
[Result "0-1"]
[WhiteElo "1993"]
[BlackElo "2554"]
[TimeControl "180+1"]
[EndTime "8:04:46 PST"]
[Termination "Natalya_Buksa won by resignation"]

1. d4 d5 2. Nf3 Nf6 3. e3 e6 4. Bd3 Bd6 5. b3 O-O 6. Bb2 b6 7. Nbd2 Bb7 8. Ne5 Nbd7 9. f4 Ne4 10. O-O f6 11. Nxd7 Qxd7 12. Nxe4 dxe4 13. Bc4 Rae8 14.
f5 Bd5 15. Bxd5 exd5 16. c4 c6 17. Qg4 Kh8 18. a4 a5 19. Ba3 Bxa3 20. Rxa3 dxc4 21. bxc4 b5 22. axb5 cxb5 23. cxb5 Qxb5 24. Rfa1 Ra8 25. Qxe4 Rfe8 26. Qc2 h6 27. Qd2 Qxf5 28. Rxa5 Rxa5 29. Rxa5 Qb1+ 30. Kf2 Rc8 31. Ra2 Rc1 32. Ra8+ Kh7 33. Qe2 Rc2 34. Re8 Rxe2+ 35. Kxe2 Qb5+ 0-1

[Event "Early-Titled-Tuesday-Blitz-January-23-2024"]
[Site "Chess.com"]
[Date "2024.01.23"]
[Round "1"]
[White "mertfelin"]
[Black "Sanyura"]
[Result "0-1"]
[WhiteElo "2263"]
[BlackElo "2608"]
[TimeControl "180+1"]
[EndTime "8:04:49 PST"]
[Termination "Sanyura won by resignation"]

1. e4 c6 2. Nc3 d5 3. Nf3 Bg4 4. h3 Bxf3 5. Qxf3 e6 6. Be2 Bc5 7. O-O Ne7 8. Rd1 Bd4 9. d3 Nd7 10. Bg5 Qb6 11. Rab1 h6 12. Bh4 Ne5 13. Qg3 g5 14.
Na4 gxh4 15. Nxb6 hxg3 16. Nxa8 Bxf2+ 17. Kf1 Kd7 18. d4 N5g6 19. Bf3 Rxa8 20. b3 f5 21. exd5 cxd5 22. c4 Nh4 23. Bh5 f4 24. Rbc1 Rf8 25. cxd5 Nxd5 26. Ke2 f3+ 27. Bxf3 Nxf3 28. gxf3 Nf4+ 29.
Kf1 Be3 30. Rc2 g2+ 31. Rxg2 Nxg2 32. Kxg2 Rg8+ 33. Kh2 Kd6 34. Rd3 Bf4+ 35. Kh1 Kd5 36. a4 Rg3 37. b4 Kc4 38. Rd1 Rxf3 39. Kg2 Rd3 40. Rf1 Rxd4 41. b5 e5 42. Rc1+ Kd5 43. Rc7 Rxa4 44. Rxb7 Ke4 0-1

[Event "Early-Titled-Tuesday-Blitz-January-23-2024"]
[Site "Chess.com"]
[Date "2024.01.23"]
[Round "1"]
[White "Huragan007"]
[Black "SmirnovTimofey2000"]
[Result "1-0"]
[WhiteElo "2549"]
[BlackElo "1955"]
[TimeControl "180+1"]
[EndTime "8:04:55 PST"]
[Termination "Huragan007 won on time"]

1. e4 e5 2. Nf3 Nf6 3. Nxe5 d6 4.
Nf3 Nxe4 5. Nc3 Nxc3 6. dxc3 Be7 7. Bd3 O-O 8. O-O Bg4 9. Be3 Nc6 10. h3 Bh5 11. g4 Bg6 12. Nd4 Ne5 13. f4 Bxd3 14. cxd3 Nc6 15. Qf3 Nxd4 16. Bxd4 c6 17. Bf2 d5 18.
Rae1 Bh4 19. Re2 Bxf2+ 20. Qxf2 Re8 21. Rfe1 Qd7 22. Qxa7 h6 23. Rxe8+ Rxe8 24. Rxe8+ Qxe8 25. Qf2 1-0

[Event "Early-Titled-Tuesday-Blitz-January-23-2024"]
[Site "Chess.com"]
[Date "2024.01.23"]
[Round "1"]
[White "Titus369"]
[Black "KanalSzachowy"]
[Result "1-0"]
[WhiteElo "2658"]
[BlackElo "2346"]
[TimeControl "180+1"]
[EndTime "8:04:56 PST"]
[Termination "Titus369 won by resignation"]

1. e4 c5 2. Nf3 Nc6 3. d4 cxd4 4. Nxd4 Nf6 5. Nc3 e5 6. Ndb5 Bb4 7. a3 Bxc3+ 8.
Nxc3 d6 9. Bc4 Be6 10. Ba2 O-O 11. O-O Nd4 12. Bg5 h6 13. Bxf6 Qxf6 14. Bd5 Qg6 15. f4 Bxd5 16. f5 Qg5 17. Nxd5 Rac8 18. c3 Nc6 19.
Rf3 Qh4 20. Qe2 Qh5 21. Qe3 Qg5 22. Qf2 Qd8 23. f6 g6 24. Qe3 g5 25. Rh3 1-0

[Event "Early-Titled-Tuesday-Blitz-January-23-2024"]
[Site "Chess.com"]
[Date "2024.01.23"]
[Round "1"]
[White "MasterKroket"]
[Black "Zhigalko_Sergei"]
[Result "0-1"]
[WhiteElo "2512"]
[BlackElo "2971"]
[TimeControl "180+1"]
[EndTime "8:04:57 PST"]
[Termination "Zhigalko_Sergei won by resignation"]

1. e4 c5 2. Nf3 Nc6 3. d4 cxd4 4. Nxd4 Nf6 5. Nc3 e5 6. Ndb5 d6 7. Bg5 a6 8. Na3 b5 9. Nd5 Be7 10. Bxf6 Bxf6 11. c3 Bg5 12. Nc2 Ne7 13. a4 bxa4 14. Ncb4 O-O 15. h4 Bh6 16. Nxe7+ Qxe7 17. Nd5 Qd8 18. Rxa4 a5 19. Bc4 Bd7 20. Ra2 Kh8 21.
g4 f6 22. b3 Rc8 23. f3 Be6 24. Qa1 Bxd5 25. exd5 Qb6 26. Re2 a4 27. Qb1 Rxc4 0-1

[Event "Early-Titled-Tuesday-Blitz-January-23-2024"]
[Site "Chess.com"]
[Date "2024.01.23"]
[Round "1"]
[White "Ati1517"]
[Black "ETTrainer"]
[Result "0-1"]
[WhiteElo "2227"]
[BlackElo "2594"]
[TimeControl "180+1"]
[EndTime "8:04:59 PST"]
[Termination "ETTrainer won by resignation"]

1. e4 d5 2. exd5 Nf6 3. Nc3 Nxd5 4. d4 Nxc3 5. bxc3 e5 6. Be3 exd4 7. Bxd4 Nc6 8. Ne2 Be6 9. f3 Qd7 10. Qd2 O-O-O 11. Qe3 Ba3 12. Rd1 Rhe8 13. Qf2 Bc4 14. g3 Bb2 15. Rb1 Nxd4 0-1

[Event "Early-Titled-Tuesday-Blitz-January-23-2024"]
[Site "Chess.com"]
[Date "2024.01.23"]
[Round "1"]
[White "Sofia_Blokhin"]
[Black "SmirnovAlexandrA"]
[Result "0-1"]
[WhiteElo "2310"]
[BlackElo "2630"]
[TimeControl "180+1"]
[EndTime "8:05:05 PST"]
[Termination "SmirnovAlexandrA won by resignation"]

1. d4 Nf6 2. c4 g6 3. Nc3 Bg7 4. e4 d6 5. f3 O-O 6. Be3 c5 7. Qd2 Nc6 8. Nge2 Qa5 9. O-O-O a6 10. Kb1 b5 11. dxc5 dxc5 12. Nd5 b4 13. g4 Nxd5 14. exd5 Ne5 15. Ng1 f5 16. g5 f4 17. Bxf4 Bf5+ 18. Ka1 Qa3 19. Bxe5 Bxe5 20. Bh3 b3 0-1

[Event "Early-Titled-Tuesday-Blitz-January-23-2024"]
[Site "Chess.com"]
[Date "2024.01.23"]
[Round "1"]
[White "eljanov"]
[Black "colegiodemadrid"]
[Result "1-0"]
[WhiteElo "2849"]
[BlackElo "2469"]
[TimeControl "180+1"]
[EndTime "8:05:07 PST"]
[Termination "eljanov won by resignation"]

1. e4 c5 2. Nf3 d6 3. d4 cxd4 4. Nxd4 Nf6 5. Nc3 a6 6. Be2 e6 7. Be3 Nbd7 8. g4 h6 9. Qd2 b5 10. a3 Nb6 11. O-O-O Bb7 12. f3 Nfd7 13. f4 Rc8 14. h4 Rxc3 15. Qxc3 Bxe4 16. Bf3 Na4 17. Qd2 Ndc5 18. f5 e5 19. Bxe4 Nxe4 20. Qg2 d5 21. Nc6 Qc7 22. Rxd5 Qxc6 23. Rxe5+ Be7 24. Qxe4 1-0

[Event "Early-Titled-Tuesday-Blitz-January-23-2024"]
[Site "Chess.com"]
[Date "2024.01.23"]
[Round "1"]
[White "pirulillo"]
[Black "TheCount"]
[Result "0-1"]
[WhiteElo "2281"]
[BlackElo "2618"]
[TimeControl "180+1"]
[EndTime "8:05:10 PST"]
[Termination "TheCount won by checkmate"]

1. e4 c5 2. Nf3 Nc6 3. b4 Nxb4 4. c3 Nc6 5. d4 d5 6. exd5 Qxd5 7. Na3 Bg4 8. Bc4 Qe4+ 9. Be3 cxd4 10. cxd4 e5 11. Nb5 Bb4+ 12. Kf1 O-O-O 13. Qa4 exd4 14. Nxa7+ Nxa7 15. Qxb4 dxe3 16. Rc1 Nc6 17. Qb6 Bxf3 18. Ba6 e2+ 19. Kg1 Rd1+ 20. Rxd1 exd1=Q+ 21. Bf1 Qxf1+ 22. Kxf1 Qe2+ 23. Kg1 Qe1# 0-1

[Event "Early-Titled-Tuesday-Blitz-January-23-2024"]
[Site "Chess.com"]
[Date "2024.01.23"]
[Round "1"]
[White "ContrVersia"]
[Black "funnyselfmate"]
[Result "0-1"]
[WhiteElo "2838"]
[BlackElo "2489"]
[TimeControl "180+1"]
[EndTime "8:05:14 PST"]
[Termination "funnyselfmate won by resignation"]

1. b3 d5 2. Bb2 c6 3. g3 Nf6 4.
Bg2 Nbd7 5. e3 e5 6. d3 Bd6 7.
Ne2 O-O 8. Nd2 Re8 9. h3 Nf8 10. a3 a5 11. c4 Be6 12. Qc2 Rc8 13. g4 Qb6 14. Ng3 e4 15. Bd4 Bc5 16. Bxf6 Bxe3 17.
fxe3 Qxe3+ 18. Kd1 Qxg3 19. Nf1 exd3 20. Qd2 Bxg4+ 21.
hxg4 Qxg4+ 22. Kc1 gxf6 23. Bh3 Qd4 24. Qb2 Re1+ 0-1

[Event "Early-Titled-Tuesday-Blitz-January-23-2024"]
[Site "Chess.com"]
[Date "2024.01.23"]
[Round "1"]
[White "Lady_Nika"]
[Black "Klavdia_Nik"]
[Result "1-0"]
[WhiteElo "2566"]
[BlackElo "2160"]
[TimeControl "180+1"]
[EndTime "8:05:20 PST"]
[Termination "Lady_Nika won on time"]

1. e4 c5 2. Nc3 Nc6 3. g3 g6 4.
Bg2 Bg7 5. d3 d6 6. f4 e6 7. Nf3 Nge7 8. O-O O-O 9. Be3 Nd4 10.
Rb1 Nec6 11. Ne2 Rb8 12. c3 Nxf3+ 13. Bxf3 Qc7 14. Bg2 b5 15. g4 b4 16. c4 Nd4 17.
Nxd4 cxd4 18. Bd2 a5 19. h4 Bb7 20. h5 f5 21. hxg6 hxg6 22. gxf5 exf5 23. Re1 Qd8 24. Qe2 Qh4 25. Qf2 Qxf2+ 26. Kxf2 Kf7 27. Re2 Rh8 28. Kg3 Bf6 29. Bf3 Rh7 30. e5 Bxf3 31. Kxf3 dxe5 32. fxe5 Bh4 33. Bf4 Rb6 34. Rh1 Kg7 35. Reh2 1-0

[Event "Early-Titled-Tuesday-Blitz-January-23-2024"]
[Site "Chess.com"]
[Date "2024.01.23"]
[Round "1"]
[White "wannabe2700"]
[Black "AsselLesbekova"]
[Result "1-0"]
[WhiteElo "2627"]
[BlackElo "2294"]
[TimeControl "180+1"]
[EndTime "8:05:21 PST"]
[Termination "wannabe2700 won by resignation"]

1. b3 Nf6 2. Bb2 g6 3. Nf3 Bg7 4. g3 O-O 5. Bg2 d6 6. d4 c5 7. O-O e6 8. dxc5 dxc5 9. Na3 Nd5 10. Bxg7 Kxg7 11. c4 Ne7 12. Qc2 Nbc6 13. Rfd1 Qa5 14. Nb5 Nf5 15. g4 Nfd4 16. Nfxd4 Nxd4 17. Nxd4 cxd4 18. Rxd4 e5 19. Rd5 Qc7 20. h3 Be6 21. Rd2 Rad8 22. Rad1 h5 23. gxh5 gxh5 24. Rxd8 Rxd8 25.
Rxd8 Qxd8 26. Qe4 Qd4 27. Qxd4 exd4 28. Bxb7 Kf6 29. Kh2 Ke5 30. Kg3 Kd6 31. h4 Kc5 32.
Bf3 Kb4 33. Bxh5 Ka3 34. c5 Kxa2 35. c6 Kxb3 36. c7 a5 37. Bxf7 1-0

[Event "Early-Titled-Tuesday-Blitz-January-23-2024"]
[Site "Chess.com"]
[Date "2024.01.23"]
[Round "1"]
[White "whiteglovethief"]
[Black "SujanaLohani"]
[Result "1-0"]
[WhiteElo "2553"]
[BlackElo "1991"]
[TimeControl "180+1"]
[EndTime "8:05:23 PST"]
[Termination "whiteglovethief won on time"]

1. e4 c5 2. Nf3 Nc6 3. d4 cxd4 4.
Nxd4 g6 5. Nxc6 bxc6 6. Qd4 Nf6 7.
e5 Nd5 8. e6 f6 9. exd7+ Bxd7 10.
Bd3 e5 11. Qh4 Be7 12. Bxg6+ Kf8 13. Qh6+ Kg8 14. Be4 Qf8 15. O-O Qg7 16. Rd1 Be6 17.
a3 Kf7 18. c4 Nb6 19. Qh5+ Kf8 20. Bh6 1-0

[Event "Early-Titled-Tuesday-Blitz-January-23-2024"]
[Site "Chess.com"]
[Date "2024.01.23"]
[Round "1"]
[White "rynos0411"]
[Black "Sam_ChessMood"]
[Result "0-1"]
[WhiteElo "2500"]
[BlackElo "2917"]
[TimeControl "180+1"]
[EndTime "8:05:25 PST"]
[Termination "Sam_ChessMood won by resignation"]

1. e4 c5 2. Nf3 e6 3. d4 cxd4 4. Nxd4 Nf6 5. Nc3 Nc6 6. g3 Bb4 7. Bg2 O-O 8. O-O d6 9. Bf4 e5 10. Nxc6 bxc6 11. Bd2 Rb8 12. a3 Bc5 13. b4 Bd4 14. Rb1 a5 15. bxa5 Rxb1 16. Nxb1 h5 17. h3 h4 18. g4 d5 19. Bg5 Qxa5 20. Bxh4 Nxe4 21. Bxe4 dxe4 22. Qe2 Ba6 23. c4 Qc5 24. Qxe4 Bxc4 25. Rc1 Bd5 26. Qe1 Qd6 27. Nd2 Qxa3 28. Bg3 Qxg3+ 0-1

[Event "Early-Titled-Tuesday-Blitz-January-23-2024"]
[Site "Chess.com"]
[Date "2024.01.23"]
[Round "1"]
[White "jraosam"]
[Black "Nouali_Mohamed"]
[Result "0-1"]
[WhiteElo "1909"]
[BlackElo "2546"]
[TimeControl "180+1"]
[EndTime "8:05:25 PST"]
[Termination "Nouali_Mohamed won on time"]

1. e4 c5 2. Nf3 Nc6 3. d4 cxd4 4. Nxd4 g6 5. Be3 Bg7 6. c3 Nf6 7. f3 O-O 8. Nxc6 bxc6 9. Bd3 d5 10. e5 Nd7 11. f4 f6 12. exf6 Nxf6 13. O-O e5 14.
fxe5 Ng4 15. Rxf8+ Qxf8 0-1

[Event "Early-Titled-Tuesday-Blitz-January-23-2024"]
[Site "Chess.com"]
[Date "2024.01.23"]
[Round "1"]
[White "AndresDelgado77"]
[Black "Korchmar_Vasiliy"]
[Result "0-1"]
[WhiteElo "2405"]
[BlackElo "2716"]
[TimeControl "180+1"]
[EndTime "8:05:26 PST"]
[Termination "Korchmar_Vasiliy won on time"]

1. e4 c5 2. Nf3 a6 3. c3 d5 4. e5 Nc6 5. d4 Bg4 6. dxc5 e6 7. b4 Nxe5 8. Qa4+ Qd7 9. Qxd7+ Nxd7 10. Be2 a5 11. Nd4 Bxe2 12. Kxe2 Ngf6 13. Nb5 Rc8 14.
Nd2 Be7 15. Nb3 axb4 16. cxb4 b6 17. cxb6 Nxb6 18. a3 O-O 19. Be3 Nc4 20. Rhc1 Rb8 21. Nc3 Ra8 22. Nb1 Ne4 23. f3 Ned6 0-1

[Event "Early-Titled-Tuesday-Blitz-January-23-2024"]
[Site "Chess.com"]
[Date "2024.01.23"]
[Round "1"]
[White "GMSrinath"]
[Black "ExchangeAB"]
[Result "1-0"]
[WhiteElo "2831"]
[BlackElo "2453"]
[TimeControl "180+1"]
[EndTime "8:05:28 PST"]
[Termination "GMSrinath won by checkmate"]

1. Nf3 d5 2. e3 Nf6 3. c4 c6 4.
d4 Bf5 5. Nc3 e6 6. Bd3 Bxd3 7.
Qxd3 Nbd7 8. O-O Bd6 9. e4 dxc4 10. Qxc4 e5 11. Rd1 Qe7 12. h3 h6 13. Nh4 g6 14. Nf3 O-O-O 15. Be3 Kb8 16. dxe5 Nxe5 17. Nxe5 Bxe5 18. Qa4 a6 19. Bb6 Bc7 20. Bxc7+ Qxc7 21. Qc4 Rhe8 22. a4 Nh5 23. a5 Nf4 24. Na4 Ne6 25. Nb6 Rxd1+ 26. Rxd1 Rd8 27. Qc1 Rxd1+ 28.
Qxd1 Qd8 29. Qf3 Ng5 30. Qf4+ Qc7 31. e5 Ne6 32. Qf6 h5 33. g3 c5 34. b3 Nd4 35.
Qh8+ Ka7 36. Qa8# 1-0

[Event "Early-Titled-Tuesday-Blitz-January-23-2024"]
[Site "Chess.com"]
[Date "2024.01.23"]
[Round "1"]
[White "suspiciumchess"]
[Black "Dinosaurio_1975"]
[Result "0-1"]
[WhiteElo "2317"]
[BlackElo "2637"]
[TimeControl "180+1"]
[EndTime "8:05:28 PST"]
[Termination "Dinosaurio_1975 won by resignation"]

1. d4 d5 2. c4 e6 3. Nf3 Nf6 4. g3 Be7 5. Bg2 O-O 6. O-O c6 7. Nc3 a5 8. Qd3 b6 9. e4 Ba6 10.
b3 b5 11. Ne5 bxc4 12. bxc4 dxc4 13. Qe3 Nfd7 14. Rd1 Nxe5 15. dxe5 Qc7 16. f4 Nd7 17. Qf3 Rfd8 18. Be3 Bc5 19. Na4 Bxe3+ 20. Qxe3 Bb5 21. Nc3 Qb6 22. Qxb6 Nxb6 23. Rxd8+ Rxd8 24. Rb1 Na4 25. Nxb5 cxb5 26. Rxb5 c3 27. Rb7 c2 28. Rc7 Rd1+ 29.
Kf2 c1=Q 30. Rb7 Qc5+ 0-1

[Event "Early-Titled-Tuesday-Blitz-January-23-2024"]
[Site "Chess.com"]
[Date "2024.01.23"]
[Round "1"]
[White "RantomOpening"]
[Black "Rud_Makarian"]
[Result "0-1"]
[WhiteElo "2519"]
[BlackElo "3011"]
[TimeControl "180+1"]
[EndTime "8:05:29 PST"]
[Termination "Rud_Makarian won by resignation"]

1. c4 e6 2. Nf3 d5 3. e3 Nf6 4.
Nc3 dxc4 5. Bxc4 a6 6. a4 c5 7. O-O Nc6 8. d4 Be7 9. dxc5 Qxd1 10. Rxd1 Bxc5 11. b3 Bd7 12. Bb2 Rc8 13. Rac1 Na5 14. Ne2 Nxc4 15. Rxc4 b5 16. Rh4 Be7 17. axb5 axb5 18.
Ned4 O-O 19. Kf1 Rfd8 20. Ra1 Ra8 21. Rxa8 Rxa8 22. g3 Ra2 23. Bc1 Ra1 24. Ne2 Ba3 0-1

[Event "Early-Titled-Tuesday-Blitz-January-23-2024"]
[Site "Chess.com"]
[Date "2024.01.23"]
[Round "1"]
[White "SpongeBob_03"]
[Black "AsterPhoenix"]
[Result "0-1"]
[WhiteElo "2201"]
[BlackElo "2586"]
[TimeControl "180+1"]
[EndTime "8:05:30 PST"]
[Termination "AsterPhoenix won by resignation"]

1. e4 c5 2. Nf3 e6 3. c4 Nc6 4. Nc3 Nf6 5. d4 cxd4 6. Nxd4 Bb4 7. Nxc6 dxc6 8. Bd3 e5 9. O-O O-O 10. Qc2 Be6 11.
a3 Bc5 12. b4 Bd4 13. Bb2 Nh5 14. g3 Qf6 15. Rfe1 Qg6 16. Kh1 Rad8 17. Bf1 Nf6 18. Bg2 Bxc4 19. Rad1 Ng4 20. Rd2 Bb6 21.
Red1 Rxd2 22. Rxd2 Qf6 23. Nd1 Rd8 24. Rxd8+ Qxd8 25. h3 Qxd1+ 26. Qxd1 Nxf2+ 27. Kh2 Nxd1 28. Bc1 Be3 29. Bxe3 Nxe3 0-1

[Event "Early-Titled-Tuesday-Blitz-January-23-2024"]
[Site "Chess.com"]
[Date "2024.01.23"]
[Round "1"]
[White "Ceejay271"]
[Black "enestnrvrd"]
[Result "0-1"]
[WhiteElo "2361"]
[BlackElo "2688"]
[TimeControl "180+1"]
[EndTime "8:05:31 PST"]
[Termination "enestnrvrd won by resignation"]

1. d4 Nf6 2. Nf3 e6 3. Bg5 h6 4. Bh4 b6 5. Nbd2 Bb7 6. e3 Be7 7. Bd3 d5 8. O-O Nbd7 9. c4 O-O 10. Rc1 c5 11. cxd5 Nxd5 12. Bxe7 Qxe7 13. Ne4 Rfd8 14.
dxc5 Nb4 15. c6 Bxc6 16. Nd4 Bb7 17. Bb1 Nc5 18. Ng3 Rac8 19. a3 Nc6 20. b4 Nxd4 21. exd4 Nd7 22. Qd3 Nf6 23. Rxc8 Rxc8 24. Re1 Qc7 25. Nh5 Nxh5 26. Qh7+ Kf8 0-1

[Event "Early-Titled-Tuesday-Blitz-January-23-2024"]
[Site "Chess.com"]
[Date "2024.01.23"]
[Round "1"]
[White "TioCridineno"]
[Black "Alonmindlin"]
[Result "0-1"]
[WhiteElo "2399"]
[BlackElo "2711"]
[TimeControl "180+1"]
[EndTime "8:05:32 PST"]
[Termination "Alonmindlin won by resignation"]

1. e4 g6 2. d4 Bg7 3. Nc3 d6 4. f4 Nf6 5. Nf3 O-O 6. a3 Bg4 7. h3 Bxf3 8. Qxf3 e5 9. fxe5 dxe5 10. d5 c6 11. Bc4 cxd5 12. Nxd5 Nxd5 13. Bxd5 Nc6 14. c3 Qb6 15. Qe3 Qa6 16. Qe2 Qb6 17.
Be3 Qc7 18. O-O b6 19. Qc4 Rac8 20. Rxf7 Rxf7 21. Rf1 Nd8 22. Qa2 Kf8 23. Bxf7 Nxf7 24.
Qe6 Re8 25. Qd5 Qe7 26. c4 Bf6 27. c5 Kg7 28. cxb6 axb6 29. Bxb6 Qe6 30. Qxe6 Rxe6 31.
Bc5 Be7 32. Be3 Nd6 33. Rb1 Nxe4 34. b4 Ra6 35. Rb3 h5 36. b5 Rxa3 37. Rxa3 Bxa3 38.
b6 Bc5 0-1

[Event "Early-Titled-Tuesday-Blitz-January-23-2024"]
[Site "Chess.com"]
[Date "2024.01.23"]
[Round "1"]
[White "BardArtem"]
[Black "FREZZY23"]
[Result "1-0"]
[WhiteElo "2816"]
[BlackElo "2449"]
[TimeControl "180+1"]
[EndTime "8:05:34 PST"]
[Termination "BardArtem won by resignation"]

1. e4 c5 2. c3 Nf6 3. e5 Nd5 4.
Nf3 Nc6 5. Bc4 Nb6 6. Bb3 d6 7. exd6 Qxd6 8. O-O g6 9. Na3 Bg7 10. d4 cxd4 11. Nb5 Qd7 12. Nbxd4 Nxd4 13. Nxd4 e5 14. Nf3 Qxd1 15. Rxd1 Bg4 16. a4 O-O 17. h3 Bxf3 18. gxf3 Rad8 19. Be3 Nc8 20. a5 a6 21. Bd5 Rd7 22. Rd2 Rfd8 23. Rad1 Kf8 24. Bc5+ Ne7 25. c4 Bh6 26. Re2 f6 27. Rb1 Ke8 28. Bxe7 Kxe7 29. b4 Rb8 30. b5 axb5 31. Rxb5 Rc8 32.
Ra2 Kd6 33. a6 bxa6 34. Rxa6+ Ke7 35. Be6 Rd1+ 36. Kg2 Rcd8 37. Rb7+ Kf8 38. Rf7+ Ke8 39. Raa7 Bf8 40. Rxh7 R8d6 41. Bf7+ Kd8 42. Bd5 Ke8 43. Ra8+ Rd8 44. Bc6+ 1-0

[Event "Early-Titled-Tuesday-Blitz-January-23-2024"]
[Site "Chess.com"]
[Date "2024.01.23"]
[Round "1"]
[White "Alexei_Gubajdullin"]
[Black "Al_Shima"]
[Result "1-0"]
[WhiteElo "2591"]
[BlackElo "2221"]
[TimeControl "180+1"]
[EndTime "8:05:36 PST"]
[Termination "Alexei_Gubajdullin won by resignation"]

1. d4 Nf6 2. Nf3 e6 3. Bf4 d5 4. e3 c5 5. Nbd2 Nc6 6. c3 Bd6 7. Bg3 Bxg3 8. hxg3 Qe7 9. Ne5 Nxe5 10. dxe5 Nd7 11. f4 b6 12. Bd3 Bb7 13. Nf3 O-O-O 14. Qe2 h6 15. a4 f6 16. exf6 gxf6 17. a5 Kc7 18. axb6+ axb6 19. e4 Ra8 20. O-O Qg7 21.
exd5 exd5 22. Nh4 Rhe8 23. Qf2 c4 24. Nf5 Qf8 25. Bc2 Nc5 26. Qd4 h5 27. Rae1 Ra2 28. Rxe8 Qxe8 29. Qxf6 Rxb2 30. Qd6+ Kc8 31. Ne7+ Qxe7 32.
Qxe7 Rxc2 33. Qf8+ Kc7 34. Qg7+ Kb8 35. Qh8+ Kc7 36.
Qh7+ Kb8 1-0

[Event "Early-Titled-Tuesday-Blitz-January-23-2024"]
[Site "Chess.com"]
[Date "2024.01.23"]
[Round "1"]
[White "RaugintaBulba"]
[Black "Grandelicious"]
[Result "0-1"]
[WhiteElo "2495"]
[BlackElo "2905"]
[TimeControl "180+1"]
[EndTime "8:05:37 PST"]
[Termination "Grandelicious won on time"]

1. d4 d6 2. Nf3 Nf6 3. c4 g6 4. g3 Bg7 5. Bg2 O-O 6. O-O c6 7. Nc3 Nbd7 8. e4 e5 9. h3 Qa5 10. Qe2 exd4 11. Nxd4 Re8 12. Nb3 Qa6 13. Rd1 Ne5 14.
Bf1 Be6 15. c5 Bc4 16. Qc2 Bxf1 17. Rxf1 d5 18. exd5 Nxd5 19. Nxd5 cxd5 20. Rd1 Nf3+ 21. Kh1 Re1+ 0-1

[Event "Early-Titled-Tuesday-Blitz-January-23-2024"]
[Site "Chess.com"]
[Date "2024.01.23"]
[Round "1"]
[White "AljoschaFeuerstack"]
[Black "hsd2016"]
[Result "1-0"]
[WhiteElo "2617"]
[BlackElo "2280"]
[TimeControl "180+1"]
[EndTime "8:05:37 PST"]
[Termination "AljoschaFeuerstack won by checkmate"]

1. e4 e5 2. Bc4 Nc6 3. Nc3 Nf6 4. d3 Bc5 5. f4 exf4 6. Nf3 Ng4 7. Bxf4 Bf2+ 8. Kf1 Bb6 9. Qd2 d6 10. d4 O-O 11. h3 Nf6 12. Re1 Re8 13. Bg5 h6 14.
Bxh6 gxh6 15. Qxh6 Nxd4 16. Bxf7+ Kxf7 17. Ng5+ Kg8 18. Qg6+ Kf8 19. Qf7# 1-0

[Event "Early-Titled-Tuesday-Blitz-January-23-2024"]
[Site "Chess.com"]
[Date "2024.01.23"]
[Round "1"]
[White "Anton_Demchenko"]
[Black "Mikhail_Golubev"]
[Result "1-0"]
[WhiteElo "2944"]
[BlackElo "2507"]
[TimeControl "180+1"]
[EndTime "8:05:38 PST"]
[Termination "Anton_Demchenko won by resignation"]

1. e4 c5 2. Nc3 d6 3. Bb5+ Bd7 4. a4 Nc6 5. f4 a6 6. Bc4 g6 7. Nf3 Bg7 8. O-O Nd4 9. d3 e6 10. Nxd4 Bxd4+ 11. Kh1 Ne7 12. f5 exf5 13. Bh6 b5 14. axb5 axb5 15. Rxa8 Qxa8 16. Nxb5 Bxb5 17. Bxb5+ Kd8 18.
c3 Bf6 19. Qb3 d5 20. Bf4 Qb7 21. Qa4 Nc8 22. Ba6 Qb6 23. Bxc8 1-0

[Event "Early-Titled-Tuesday-Blitz-January-23-2024"]
[Site "Chess.com"]
[Date "2024.01.23"]
[Round "1"]
[White "AlexPapasimakopoulos"]
[Black "VomDingJetztHer"]
[Result "1-0"]
[WhiteElo "2709"]
[BlackElo "2395"]
[TimeControl "180+1"]
[EndTime "8:05:38 PST"]
[Termination "AlexPapasimakopoulos won by checkmate"]

1. d4 Nf6 2. c4 e6 3. Nc3 d5 4.
cxd5 Nxd5 5. e4 Nxc3 6. bxc3 c5 7.
Rb1 Be7 8. Nf3 O-O 9. Bc4 cxd4 10. cxd4 b6 11. O-O Bb7 12. Qe2 Nd7 13. Bf4 Nf6 14.
Bd3 Rc8 15. Rfe1 h6 16. h3 Re8 17. a4 Ba8 18. Rbd1 Qd7 19. Bb5 Bc6 20. Ne5 Bxb5 21.
axb5 Qb7 22. Nc6 a6 23. Nxe7+ Rxe7 24. bxa6 Qa7 25. Be5 Nd7 26. Bd6 Ree8 27. Qb5 Ra8 28. Rc1 Nf6 29. Ra1 Red8 30. Be5 Nd7 31. Rec1 Nxe5 32. Qxe5 Rac8 33. Rxc8 Rxc8 34. d5 exd5 35.
exd5 b5 36. d6 b4 37. Qd5 Rb8 38. Re1 b3 39. d7 Qc7 40. Re8+ Kh7 41. Qf5+ g6 42.
Qxf7# 1-0

[Event "Early-Titled-Tuesday-Blitz-January-23-2024"]
[Site "Chess.com"]
[Date "2024.01.23"]
[Round "1"]
[White "igorkovalenko"]
[Black "santosalberto1987"]
[Result "0-1"]
[WhiteElo "2947"]
[BlackElo "2525"]
[TimeControl "180+1"]
[EndTime "8:05:39 PST"]
[Termination "santosalberto1987 won by resignation"]

1. e4 e6 2. d4 d5 3. e5 c5 4.
c3 Qb6 5. Nf3 Nc6 6. a3 a5 7.
Bd3 Bd7 8. Bc2 a4 9. O-O Nh6 10. dxc5 Bxc5 11. Qe2 Nf5 12. Rd1 O-O 13. Nbd2 Na5 14.
Bxf5 exf5 15. Nf1 Bb5 16. Qe1 Nb3 17. Rb1 Nxc1 18. Rbxc1 Bxf1 19. Qxf1 Qxb2 20. Rxd5 Bxf2+ 21. Kh1 Qxa3 22. Ra1 Qxc3 23. Rc1 Qa3 24. Rd3 Qb2 25. Rd2 Qxc1 26. Qxc1 Be3 27. Qa3 Bxd2 28. Nxd2 Rfd8 29. Nf1 b5 30. Ne3 f4 31. e6 fxe3 0-1

[Event "Early-Titled-Tuesday-Blitz-January-23-2024"]
[Site "Chess.com"]
[Date "2024.01.23"]
[Round "1"]
[White "Barmen_EV"]
[Black "GMWSO"]
[Result "0-1"]
[WhiteElo "2532"]
[BlackElo "3085"]
[TimeControl "180+1"]
[EndTime "8:05:40 PST"]
[Termination "GMWSO won by resignation"]

1. f4 Nf6 2. Nf3 b6 3. g3 Bb7 4. Bg2 g6 5. O-O Bg7 6. d3 d5 7. Qe1 O-O 8. Nc3 d4 9. Nb1 c5 10. a4 Nd5 11. Na3 Nd7 12. Bd2 e5 13. fxe5 Nxe5 14.
Nxe5 Bxe5 15. c4 dxc3 16. bxc3 Qd7 17. Nc4 Bg7 18. Rc1 Rad8 19. Qf2 f5 20. g4 fxg4 21. Qg3 Rxf1+ 22. Rxf1 Bxc3 23. Ne5 Qe6 24. Bxc3 Nxc3 25. Qh4 Nxe2+ 26. Kh1 Bxg2+ 27. Kxg2 Qd5+ 28. Kf2 Rf8+ 29. Kxe2 Qxe5+ 30. Kd2 Rxf1 31. Qd8+ Kg7 0-1

[Event "Early-Titled-Tuesday-Blitz-January-23-2024"]
[Site "Chess.com"]
[Date "2024.01.23"]
[Round "1"]
[White "JuniorJumper"]
[Black "SulfatoFerroso"]
[Result "1-0"]
[WhiteElo "2555"]
[BlackElo "2011"]
[TimeControl "180+1"]
[EndTime "8:05:40 PST"]
[Termination "JuniorJumper won on time"]

1. b3 d5 2. Bb2 e6 3. e3 Nf6 4.
Nf3 c5 5. Bb5+ Bd7 6. Be2 Nc6 7.
O-O Bd6 8. c4 O-O 9. cxd5 exd5 10. d4 cxd4 11. Nxd4 Ne5 12. Nd2 a6 13. N2f3 Qe7 14. h3 Rfe8 15. Rc1 Nxf3+ 16. Nxf3 Ne4 17. Qxd5 Bc6 18. Qd4 f6 19. Rfd1 Be5 20. Qc4+ Kh8 21. Nxe5 fxe5 22. Bf3 Qh4 23. Qe2 Bb5 24. Qc2 Ng5 25.
Bg4 e4 26. Qc7 1-0